 Dungeon Crawl Stone Soup version 0.24-a0-445-gd5110b0 (webtiles) character file.

Game seed: 14956612860507042564

327 GlaceonGamingDJ the Cudgeler (level 6, -6/61 HPs)
             Began as a Troll Berserker on June 22, 2019.
             Was a Priest of Trog.
             Killed by divine providence
             ... invoked by an orc priest
              (14 damage)
             ... on level 4 of the Dungeon.
             The game lasted 00:16:36 (2265 turns).

GlaceonGamingDJ the Cudgeler (Troll Berserker)      Turns: 2265, Time: 00:16:37

Health: -6/61      AC:  7    Str: 28      XL:     6   Next: 24%
Magic:  5/5        EV: 10    Int:  3      God:    Trog [***...]
Gold:   121        SH:  0    Dex:  7 (9)  Spells: 5/5 levels left

rFire    . . .     SeeInvis .   a - +0 mace
rCold    . . .     Gourm    +   (no shield)
rNeg     . . .     Faith    .   b - +1 animal skin
rPois    .         Spirit   .   (helmet restricted)
rElec    .         Reflect  .   (no cloak)
rCorr    +         Harm     .   (gloves unavailable)
MR       .....                  (boots unavailable)
Stlth    +.........             (no amulet)
HPRegen  0.60/turn              o - ring of resist corrosion
MPRegen  0.09/turn              (no ring)

@: berserk cooldown, very slightly contaminated
A: large, unfitting armour, claws 3, fast metabolism 3, gourmand, regeneration
1, shaggy fur 1, tough skin 3
a: Berserk, Trog's Hand, Renounce Religion


You were on level 4 of the Dungeon.
You worshipped Trog.
Trog was most pleased with you.
You were not hungry.

You visited 1 branch of the dungeon, and saw 4 of its levels.

You collected 121 gold pieces.

Inventory:

Hand Weapons
 a - a +0 mace (weapon)
Missiles
 h - 120 stones (quivered)
 j - 25 bolts
Armour
 b - a +1 animal skin (worn)
Jewellery
 o - a ring of resist corrosion (left claw)
Scrolls
 d - a scroll of enchant armour
 l - 2 scrolls of identify
Potions
 f - a potion of invisibility
 g - a potion of haste
 i - a potion of flight
 k - 2 potions of curing
Comestibles
 c - 16 rations


   Skills:
 + Level 3.4 Fighting
 + Level 4.3 Maces & Flails
 + Level 0.5 Throwing
 + Level 3.9 Dodging
 + Level 0.7 Stealth


You had 5 spell levels left.
You didn't know any spells.
Your spell library was empty.

Dungeon Overview and Level Annotations

Branches:
Dungeon (4/15)
 Temple: D:4-7

Altars:
Ru


Innate Abilities, Weirdness & Mutations

You are too large for most types of armour.
You have claws for hands.
Your metabolism is lightning-fast.
You like to eat raw meat.
Your natural rate of healing is unusually fast.
You are covered in fur. (AC +1)
You have extremely tough skin. (AC +3)


Message History

Okay, then.
You thump the orc priest!
The orc priest is severely wounded.
The orc priest hits you with a +0 war axe!
You hit the orc priest.
The orc priest is almost dead.
The orc priest calls down the wrath of Beogh upon you.
Pain shoots through your body!
The orc priest invokes the aid of Beogh against you.
Beogh smites you!
The orc priest calls down the wrath of Beogh upon you.
Beogh smites you!
* * * LOW HITPOINT WARNING * * *
Blink to where?
Press: ? - help, Dir - move target cursor You are very lightly contaminated with residual magic.
As you read the scroll of blinking, it crumbles to dust.
The orc priest invokes the aid of Beogh against you.
Beogh smites you!
You die...

####### #.....#
#...<.# ###
#.....# #.# #
#.....#####.#
###.##)...oo.o...#
#...).).########@#
..##o#### #..# #.
#.... #. ..###..
'. .## .# ## #. #
#. >.


You could see an orc priest, an orc wizard and an orc.

Vanquished Creatures
  2 big kobolds (D:3)
  A howler monkey (D:3)
  An orc wizard (D:4)
  A gnoll (D:1)
  3 adders
  2 worms (D:2)
  A leopard gecko (D:3)
  7 orcs (D:4)
  3 giant cockroaches (D:2)
  7 goblins
  12 hobgoblins
  8 bats
  11 frilled lizards
  16 kobolds
  8 rats
83 creatures vanquished.

Vanquished Creatures (others)
  An adder (D:3)
  A giant cockroach (D:3)
2 creatures vanquished.

Grand Total: 85 creatures vanquished

Notes
Turn   | Place    | Note
-------+----------+-------------------------------------------
     0 | D:1      | GlaceonGamingDJ the Troll Berserker began the quest for the
                  | Orb.
     0 | D:1      | Reached XP level 1. HP: 22/22 MP: 0/0
     2 | D:1      | Noticed an electric eel
    78 | D:1      | Reached XP level 2. HP: 29/29 MP: 1/1
    97 | D:1      | Reached skill level 3 in Maces & Flails
   658 | D:1      | Reached XP level 3. HP: 35/36 MP: 2/2
   966 | D:2      | Reached ** piety under Trog
  1216 | D:2      | Lost intelligence.
  1489 | D:2      | Reached XP level 4. HP: 44/44 MP: 3/3
  1546 | D:3      | Found a sacrificial altar of Ru.
  1686 | D:3      | Noticed a big kobold
  1687 | D:3      | Noticed a big kobold
  1695 | D:3      | Killed a big kobold
  1695 | D:3      | Reached XP level 5. HP: 53/53 MP: 4/4
  1704 | D:3      | Reached skill level 4 in Maces & Flails
  1855 | D:3      | Reached *** piety under Trog
  1855 | D:3      | Reached XP level 6. HP: 56/61 MP: 5/5
  2265 | D:4      | Killed from afar by an orc priest

Levels and vault maps discovered:
D:1:      arrival_aquarium_a, layout_basic
D:2:      layout_rooms, first_ration, minmay_tetromino_i4
D:3:      cheibrodos_thug_alley, layout_loops_ring,
          nicolae_ru_sacrificial_ziggurat, fiery_altar_vehumet
D:4:      layout_rooms, lemuel_round_altar, minmay_temple_entry_nine_rooms,
          kennysheep_small_spiral, uniq_menkaure, uniq_blork_the_orc

Skill      XL: |  1  2  3  4  5 |
---------------+----------------+-----
Maces & Flails | 3 4 |  4.3
Dodging        | 3 |  3.9
Fighting       | 3 |  3.4
Throwing       | |  0.5
Stealth        | |  0.7

Action                   |  1- 3 |  4- 6 || total
-------------------------+-------+-------++-------
Melee: Mace              |   140 |   107 ||   247
Throw: Stone             |    10 |     1 ||    11
Invok: Berserk           |       |     2 ||     2
  Use: Scroll            |     8 |     2 ||    10
       Potion            |     4 |     1 ||     5
  Eat: Chunk             |    17 |     8 ||    25
Armor: Animal skin       |   107 |    72 ||   179
Dodge: Dodged            |   150 |    93 ||   243

Table legend:
 A = Non-vault XP
 B = Vault XP
 C = Vault XP percentage of total XP
 D = Non-vault monster count
 E = Vault monster count
 F = Vault count percentage of total count
                 A         B        C        D         E       F
            +---------+---------+-------+---------+---------+-------
      Total |     258 |     210 |  44.9 |      69 |      14 |  16.9
            +---------+---------+-------+---------+---------+-------
        D:1 |      48 |       0 |   0.0 |      24 |       0 |   0.0
        D:2 |      44 |       5 |  10.2 |      19 |       3 |  13.6
        D:3 |     105 |     205 |  66.1 |      18 |      11 |  37.9
        D:4 |      61 |       0 |   0.0 |       8 |       0 |   0.0
            +---------+---------+-------+---------+---------+-------
